AoeStats
← chrisgrm

MegaRandom

510691057Analyzed
2v2 RM · 10h ago on Oct 2, 2026· 19m 9s· 4 players
Game mode
Random Map
Map size
Medium (4 player)
Population
200
Speed
Normal
Resources
Standard
Victory
Conquest
Starting age
Dark Age
Ending age
Imperial Age
RankedLock teamsTeams togetherTeam positionsShared explorationLock speedFull tech treeHidden civsTurbo modeCheats
Victory
Defeat
🇨🇴 Hindustanis · Colombia
1157
+17
🇨🇴 Teutons · Colombia
1155
+17
🇨🇦 Spanish · Canada
1223
-19
🇦🇺 Inca · Australia
1121
-15
chrisgrm
5:10 Loom
10:08 Feudal Age
12:13 Wheelbarrow
11:27 Double-Bit Axe
13:01 Town Watch
17:01 Bloodlines
18:17 Forging
kenneth3011
7:12 Loom
9:35 Feudal Age
12:05 Fletching
16:44 Double-Bit Axe
Principipe6724
6:12 Loom
11:55 Feudal Age
16:33 Castle Age
trashdog
9:22 Loom
13:03 Feudal Age
15:46 Fletching
Connection lost

Rejoining the realm…

Still unreachable

The connection could not be restored.

Session expired

The server has moved on; the page needs a fresh start.